 Dungeon Crawl Stone Soup version 0.29-a0-993-g4a18f31a58 (webtiles) character file.

Game seed: 14156620008447359263

6220 siradein the Fighter (level 10, -12/115 (119) HPs)
             Began as an Ogre Berserker on Aug 2, 2022.
             Was an Elder of Trog.
             Mangled by a wight
             ... wielding a +0 great sword
              (14 damage)
             ... on level 9 of the Dungeon.
             The game lasted 00:38:33 (10453 turns).

siradein the Fighter (Ogre Berserker)              Turns: 10453, Time: 00:38:33

HP:   -12/115 (119) AC:  5    Str: 23    XL:     10   Next: 92%
MP:   10/10         EV: 10    Int:  8    God:    Trog [****..]
Gold: 359           SH:  0    Dex: 12    Spells: 9/9 levels left

rFire   + + .      SeeInvis .   H - +5 flail (freeze)
rCold   + . .      Faith    .   (no shield)
rNeg    . . .      Spirit   .   E - +2 robe {rC+}
rPois   .          Reflect  .   (helmet restricted)
rElec   .          Harm     .   (no cloak)
rCorr   .          Rampage  .   (gloves unavailable)
Will    +++..                   (boots unavailable)
Stlth   +.........              (no amulet)
HPRegen 1.29/turn               b - ring of protection from fire
MPRegen 0.12/turn               z - ring of protection from fire

@: strong-willed, on berserk cooldown, regenerating, slowed, lightly drained,
very slow
A: large, unfitting armour, tough skin 1
a: Renounce Religion, Berserk, Trog's Hand, Brothers in Arms


You were on level 9 of the Dungeon.
You worshipped Trog.
Trog was greatly pleased with you.
You visited 1 branch of the dungeon, and saw 9 of its levels.

You collected 359 gold pieces.

Inventory:

Hand Weapons
 h - a +2 flail of protection
 t - the +8 battleaxe of Earthquakes {venom, Contam rCorr SInv}
   (You found it on level 3 of the Dungeon)

   It poisons the flesh of those it strikes.
   SInv:      It lets you see invisible.
   Contam:    It causes magical contamination when unequipped.
   rCorr:     It protects you from acid and corrosion.
 u - a +0 giant spiked club
 H - a +5 flail of freezing (weapon)
 I - the +9 rapier of Immorality {holy, rElec Stlth+}
   (You found it on level 7 of the Dungeon)

   It has been blessed by the Shining One to cause great damage to the undead
   and demons.
   rElec:     It insulates you from electricity.
   Stlth:     It makes you more stealthy.
Missiles
 c - 55 stones (quivered)
 x - 9 boomerangs
 y - 8 javelins
 K - 3 large rocks
Armour
 E - a +2 robe of cold resistance (worn)
Jewellery
 a - a ring of positive energy
 b - a ring of protection from fire (left hand)
 g - an amulet of magic regeneration
 q - a ring of flight
 z - a ring of protection from fire (right hand)
Wands
 f - a wand of mindburst (14)
 D - a wand of polymorph (7)
 F - a wand of light (8)
Scrolls
 l - a scroll of amnesia {unknown}
 o - 4 scrolls of torment
 p - 5 scrolls of teleportation {unknown}
 r - a scroll of summoning {unknown}
 A - a scroll of silence {unknown}
 G - 2 scrolls of blinking {unknown}
 L - a scroll of identify
 M - a scroll of immolation {unknown}
Potions
 d - 3 potions of heal wounds
 e - 4 potions of curing
 i - 3 potions of might {unknown}
 j - 2 potions of lignification
 k - a potion of resistance {unknown}
 m - a potion of degeneration {unknown}
 n - a potion of mutation {unknown}
 s - 2 potions of magic {unknown}
 v - a potion of haste {unknown}
 w - a potion of invisibility {unknown}
 B - 2 potions of attraction {unknown}
 C - 3 potions of berserk rage
 J - 2 potions of cancellation {unknown}


   Skills:
 + Level 13.4 Fighting
 * Level 12.0 Maces & Flails
 - Level 2.6 Dodging


You had 9 spell levels left.
You didn't know any spells.
Your spell library was empty.

Dungeon Overview and Level Annotations

Branches:
Dungeon (9/15)             Temple (0/1) D:6
   Lair: D:8-11         Orc: D:9-12

Altars:
Okawaru
Sif Muna
Wu Jian

Shops:
D:3 *   D:4 [


Innate Abilities, Weirdness & Mutations

You are too large for most types of armour.
You have tough skin. (AC +1)


Message History

You sock the vampire! You freeze the vampire.
The vampire is heavily damaged.
You hit the vampire.
The vampire is severely damaged.
The vampire hits you.
The vampire bites you but does no damage.
You closely miss the vampire.
The vampire is severely damaged.
You thump the vampire! You freeze the vampire.
You destroy the vampire!
Trog accepts your kill.
Trog appreciates your killing of a magic user.
Your Maces & Flails skill increases to level 12!
No target in view!
No target in view!
A wight comes into view. It is wielding a +0 great sword.
You are no longer berserk.
You are exhausted.
You feel yourself slow down.
An acid dragon comes into view.
The wight closely misses you.
You see here a wyvern corpse.
The wight hits you with a +0 great sword!!
You feel drained.
The wight hits you with a +0 great sword!
* * * LOW HITPOINT WARNING * * *
The acid dragon roars!
The wight attacks as you move away! The wight closely misses you.
Unknown command.
Your skin crawls.
You feel strong-willed. The acid dragon spits acid at you.
The splash of acid misses you.
The wight hits you with a +0 great sword.
* * * LOW HITPOINT WARNING * * *
The acid dragon spits acid at you. The splash of acid hits you!!
* * * LOW HITPOINT WARNING * * *
The wight hits you with a +0 great sword!
You die...

############.........
#.....#)))..........
#.....#.............
#.....#............ ..
######'###..........###.##
#............D......#...K
#...................'...## #
#...................#....#.#
#...........@z†.....#.......
#..............######.....#
##########....)#..........#
#.....)...ol.....#
#.....#..........#
#.....#..........#
#.....#..........'.
#.....#..........#.
#.....############


You could see an acid dragon and a wight.

Vanquished Creatures
  A two-headed ogre (D:8)
  The ghost of avis the Frost Mage, a novice DgIE (D:7)
  Grinder (D:6)
  Prince Ribbit (D:6)
  A vampire (D:9)
  A yak (D:8)
  2 wyverns
  A steam dragon (D:9)
  Menkaure (D:4)
  Edmund (D:4)
  2 water moccasins (D:5)
  Duvessa (D:6)
  A black bear (D:5)
  2 sky beasts (D:7)
  An ice beast (D:5)
  An ogre (D:4)
  4 centaurs
  A phantom (D:5)
  2 kobold brigands
  A gnoll sergeant (D:8)
  4 scorpions
  A bullfrog (D:8)
  A necrophage (D:6)
  19 wights
  Dowan (D:6)
  6 howler monkeys
  3 hounds
  A jelly (D:5)
  6 orc priests
  2 iguanas
  4 orc wizards
  5 gnolls
  8 adders
  2 white imps
  2 ufetubi (D:5)
  A worm (D:2)
  3 dart slugs
  19 orcs
  2 ball pythons (D:2)
  5 endoplasms
  4 giant cockroaches
  6 goblins
  7 hobgoblins
  4 quokkas
  7 bats
  2 frilled lizards
  10 kobolds
  3 rats
165 creatures vanquished.

Vanquished Creatures (others)
  A wyvern (D:9)
1 creature vanquished.

Grand Total: 166 creatures vanquished

Notes
Turn   | Place    | Note
-------+----------+-------------------------------------------
     0 | D:1      | siradein the Ogre Berserker began the quest for the Orb.
     0 | D:1      | Reached XP level 1. HP: 24/24 MP: 1/1
   263 | D:1      | Reached XP level 2. HP: 33/33 MP: 2/2
   661 | D:2      | Reached XP level 3. HP: 40/40 MP: 3/3
   749 | D:2      | Reached ** piety under Trog
   965 | D:2      | Reached skill level 5 in Fighting
  1139 | D:2      | Reached XP level 4. HP: 50/50 MP: 4/4
  2061 | D:3      | Found Hoehups's General Store.
  2495 | D:3      | Reached skill level 6 in Fighting
  2495 | D:3      | Reached XP level 5. HP: 59/59 MP: 5/5
  2557 | D:3      | Identified the +8 battleaxe of Earthquakes {venom, Contam
                  | rCorr SInv}
  2930 | D:4      | Noticed an ogre
  2934 | D:4      | Killed an ogre
  2935 | D:4      | Reached XP level 6. HP: 35/68 MP: 6/6
  3247 | D:4      | Reached skill level 7 in Fighting
  3336 | D:4      | Noticed Edmund
  3350 | D:4      | Killed Edmund
  3351 | D:4      | Reached skill level 5 in Maces & Flails
  3351 | D:4      | Reached XP level 7. HP: 38/79 MP: 7/7
  3606 | D:4      | Noticed Menkaure
  3611 | D:4      | Killed Menkaure
  3612 | D:4      | Reached skill level 8 in Fighting
  3710 | D:4      | Reached *** piety under Trog
  3775 | D:4      | Found a shimmering blue altar of Sif Muna.
  3776 | D:4      | Found an ornate altar of the Wu Jian Council.
  3991 | D:4      | Found Ityfesudwo's Antique Armour Shoppe.
  4208 | D:5      | Entered Level 5 of the Dungeon
  4438 | D:5      | Reached skill level 9 in Fighting
  4438 | D:5      | Reached XP level 8. HP: 59/92 MP: 8/8
  5700 | D:6      | Found a staircase to the Ecumenical Temple.
  5766 | D:6      | Reached skill level 10 in Fighting
  5907 | D:6      | Noticed Prince Ribbit
  5917 | D:6      | Killed Prince Ribbit
  6197 | D:6      | Noticed Dowan
  6197 | D:6      | Noticed Duvessa
  6238 | D:6      | Reached XP level 9. HP: 72/102 MP: 9/9
  6241 | D:6      | Killed Dowan
  6431 | D:6      | Killed Duvessa
  6871 | D:6      | Noticed Grinder
  6881 | D:6      | Killed Grinder
  6882 | D:6      | Reached skill level 11 in Fighting
  7559 | D:7      | Identified the +9 rapier of Immorality {holy, rElec Stlth+}
  7814 | D:7      | Found a runed translucent gate.
  7814 | D:7      | Found a runed translucent gate.
  7814 | D:7      | Found a runed translucent gate.
  7897 | D:7      | Noticed avis's ghost (novice DgIE)
  8386 | D:7      | Killed avis's ghost
  8387 | D:7      | Reached skill level 12 in Fighting
  8387 | D:7      | Reached skill level 10 in Maces & Flails
  8387 | D:7      | Reached XP level 10. HP: 115/115 MP: 10/10
  8557 | D:8      | Found an iron altar of Okawaru.
  8747 | D:8      | Noticed a two-headed ogre
  8865 | D:8      | Killed a two-headed ogre
  9923 | D:9      | Reached **** piety under Trog
  9943 | D:9      | Reached skill level 13 in Fighting
 10453 | D:9      | HP: 2/115 [acid dragon/splash of acid (24)]
 10453 | D:9      | Mangled by a wight

Illustrated notes

Levels and vault maps discovered:
D:1:      evilmike_arrival_hilbert_curve, layout_rooms
D:2:      layout_loops_ring
D:3:      layout_basic, serial_shops, shop
D:4:      layout_loops_cross, gammafunk_temple_overflow_statue, serial_shops,
          shop, uniq_edmund, uniq_menkaure
D:5:      layout_loops_ring
D:6:      layout_cave_pods, minmay_temple_entry_enclosed_plants, uniq_grinder,
          uniq_duvessa, uniq_prince_ribbit1
D:7:      layout_basic, ebering_ghost_rock_garden, minivault_22,
          corexii_leaking_fountain
D:8:      layout_rooms, okawaru_metal_pillars_3, nicolae_wwwww
D:9:      layout_gridville, onia_ninara_cookie

Skill      XL: |  1  2  3  4  5  6  7  8  9 10 |
---------------+-------------------------------+-----
Maces & Flails | 3 4 5 6 8 10 12 | 12.0
Fighting       | 5 6 7 9 10 12 13 | 13.4
Dodging        | |  2.6

Action                   |  1- 3 |  4- 6 |  7- 9 | 10-12 || total
-------------------------+-------+-------+-------+-------++-------
Melee: Mace              |    14 |       |       |       ||    14
       Flail             |    59 |    89 |   177 |   123 ||   448
       Punch             |     2 |       |     3 |     1 ||     6
       Battleaxe         |       |    40 |    30 |       ||    70
       Giant spiked club |       |       |    18 |       ||    18
       Rapier            |       |       |     8 |       ||     8
Throw: Stone             |       |       |       |     3 ||     3
Invok: Berserk           |       |     3 |     5 |     2 ||    10
       Trog's Hand       |       |       |       |     1 ||     1
  Use: Scroll            |       |       |     6 |       ||     6
 Stab: Distracted        |       |       |     1 |       ||     1
       Sleeping          |       |       |     1 |       ||     1
Armor: Animal skin       |    40 |    57 |    38 |       ||   135
       Robe              |       |       |    24 |    25 ||    49
Dodge: Dodged            |    56 |    83 |   104 |    54 ||   297

Table legend: (Time is in decaauts)
 A = Elapsed time spent in this place.
 B = Non-inter-level travel time spent in this place.
 C = Inter-level travel time spent in this place.
 D = Time resting spent in this place.
 E = Time spent auto-exploring this place.
 F = Levels seen in this place.
 G = Mean time per level.
                   A        B        C        D        E       F      G
               +--------+--------+--------+--------+--------+-----+--------+
         Total |  10604 |  10324 |    280 |   1140 |   7732 |   9 | 1178.2 |
       Dungeon |  10604 |  10324 |    280 |   1140 |   7732 |   9 | 1178.2 |
               +--------+--------+--------+--------+--------+-----+--------+

Top non-repeatable levels by time:
     D:5: 1555 daAuts
     D:7: 1479 daAuts
     D:6: 1342 daAuts
     D:2: 1330 daAuts
     D:8: 1305 daAuts
     D:3: 1201 daAuts
     D:4: 1129 daAuts
     D:1: 661 daAuts
     D:9: 599 daAuts
